 Dungeon Crawl Stone Soup version 0.13.1-2-gfb2c2b7 (webtiles) character file.

703 Lilouch the Skirmisher (level 6, 0/47 HPs)
             Began as a Demonspawn Chaos Knight on Dec 8, 2013.
             Was a Plaything of Xom.
             Killed by divine providence
             ... invoked by an orc priest
              (5 damage)
             ... on Level 4 of the Dungeon.
             The game lasted 00:13:49 (3225 turns).

Lilouch the Skirmisher (Demonspawn Chaos Knight)    Turns: 3225, Time: 00:13:49

HP   0/47        AC  4     Str 18      XL: 6   Next: 97%
MP   0/6         EV  7     Int 14      God: Xom
Gold 197         SH 26     Dex 12      Spells:  0 memorised,  5 levels left

Res.Fire  : . . .   See Invis. : .   a - +0 spear (chaos) {=f}
Res.Cold  : + . .   Warding    : .   b - +2 leather armour
Life Prot.: . . .   Conserve   : +   D - +0 large shield
Res.Poison: .       Res.Corr.  : .   (no helmet)
Res.Elec. : .       Clarity    : .   e - +0 cloak
Sust.Abil.: . .     Spirit.Shd : +   (no gloves)
Res.Mut.  : .       Stasis     : .   k - +0 pair of elf boots
Res.Rott. : .       Flight     : .   I - amulet of conservation {unknown}
Saprovore : . . .                    y - +4 ring of strength
                                     d - cursed -3 ring of protection

@: slightly resistant to hostile enchantments, fairly stealthy
A: hooves 1, cold resistance 1, magic shield
a: Renounce Religion


You were on level 4 of the Dungeon.
You worshipped Xom.
You were a very special plaything of Xom.
You were not hungry.

You visited 1 branch of the dungeon, and saw 4 of its levels.

You collected 177 gold pieces.

Inventory:

Hand weapons
 a - a +0,+0 spear of chaos (weapon) {=f}
 w - a -1,+1 orcish spear (quivered)
 B - a -1,+1 orcish spear
 C - a -1,+1 orcish spear
 E - a -1,+1 orcish spear
 F - a -1,+1 orcish spear
Missiles
 t - 4 darts of flame
 x - 44 bolts
 J - a throwing net
Armour
 b - a +2 leather armour (worn)
 e - a +0 cloak (worn)
 k - a +0 pair of elven boots (worn)
 r - a +2 plate armour
 D - a +0 large shield (worn)
Magical devices
 v - a wand of enslavement (10) {unknown}
Comestibles
 c - 3 bread rations
 l - a lemon
 m - an apple
 p - a meat ration
 L - 4 rotting chunks of orc flesh
Scrolls
 h - 4 scrolls of identify {unknown}
 j - a scroll of enchant armour {unknown}
 s - 2 scrolls of remove curse {unknown}
 u - 2 scrolls of curse weapon {unknown}
 A - a scroll of magic mapping {unknown}
 G - a scroll of amnesia {unknown}
 H - 2 scrolls of curse jewellery {unknown}
 N - 2 scrolls of curse armour {unknown}
Jewellery
 d - a cursed -3 ring of protection (left hand)
 y - a +4 ring of strength (right hand)
 I - an amulet of conservation (around neck) {unknown}
Potions
 f - 2 potions of might
 g - 3 potions of heal wounds {unknown}
 i - a potion of agility {unknown}
 q - 2 potions of cure mutation {unknown}
 z - a potion of confusion {unknown}


   Skills:
 + Level 4.5 Fighting
 + Level 4.3 Polearms
 + Level 3.1 Armour
 - Level 1.5 Dodging
 - Level 1.6 Stealth
 * Level 3.0 Shields


You had 5 spell levels left.
You didn't know any spells.

Dungeon Overview and Level Annotations

Branches:
Dungeon (4/27)
 Temple: D:4-7

Altars:
Makhleb
Trog
Zin


Innate Abilities, Weirdness & Mutations

You have large cloven feet.
Your flesh is cold resistant.
When hurt, damage is shared between your health and your magic reserves.


Message History

* * * LOW HITPOINT WARNING * * *
You feel sick.
The orc wizard gestures wildly while chanting.
The orc wizard seems to speed up.
* * * LOW HITPOINT WARNING * * *
You feel sick.
The orc wizard mumbles some strange words.
The orc wizard blinks!
It bites you!
* * * LOW HITPOINT WARNING * * *
Drink which item? (? for menu, Esc to quit)
You feel better. It bites you.
* * * LOW HITPOINT WARNING * * *
The orc wizard mumbles some strange words.
The orc wizard blinks!
It bites you.
* * * LOW HITPOINT WARNING * * *
The orc wizard barely misses you.
The orc priest invokes the aid of Beogh against you.
Something smites you!
You die...
Xom titters!

, *, .,,#.#* #..#
,**,..,,#.# #..#
,**.... #.# #..#
,*#....,#.# ####..####
,,......#.# #........#
,*#.....#.###........#
,.......§.o..........#
,*#####.#.###{.o.z...#
* #.#.# #..h@....# ,*
#.#o# #........#
.######h#.# #........#
........#.# #........#
........#.####......##
........§...........#
.....<..#.####......#
.######o#.# ###.####
..........######.####


You could see a hound, an orc priest, an orc wizard and an adder skeleton.

Vanquished Creatures
  The ghost of zammy the Skirmisher, an average MiSu (D:4)
  An orc priest (D:3)
  3 orc wizards
  Jessica (D:2)
  4 adders
  2 worms (D:3)
  2 grey rats (D:4)
  4 giant geckos
  9 orcs
  A bat skeleton (D:4)
  7 hobgoblins
  5 kobolds
  3 ball pythons
  11 bats
  5 giant cockroaches
  6 giant newts
  12 goblins
  3 quokkas (D:2)
  11 rats
91 creatures vanquished.

Vanquished Creatures (collateral kills)
  A golden eye (D:3)
  A kobold (D:3)
  A giant newt (D:3)
  A goblin (D:3)
4 creatures vanquished.

Vanquished Creatures (others)
  An orc (D:3)
  4 toadstools (D:1)
5 creatures vanquished.

Grand Total: 100 creatures vanquished

Notes
Turn   | Place    | Note
--------------------------------------------------------------
     0 | D:1      | Lilouch, the Demonspawn Chaos Knight, began the quest for the Orb.
     0 | D:1      | Reached XP level 1. HP: 16/16 MP: 1/1
   119 | D:1      | XOM: harmless Necr miscast
   240 | D:1      | XOM is BORED!
   240 | D:1      | XOM: silly message
   403 | D:1      | XOM: harmless Summ miscast
   425 | D:1      | XOM: harmless Chrm miscast
   542 | D:1      | Gained mutation: Your flesh is cold resistant. [demonic ancestry]
   542 | D:1      | Reached XP level 2. HP: 8/22 MP: 2/2
  1053 | D:2      | Reached skill level 1 in Dodging
  1067 | D:2      | XOM: harmless Fire miscast
  1230 | D:2      | Reached XP level 3. HP: 25/28 MP: 3/3
  1409 | D:2      | XOM: mild Divn miscast
  1634 | D:2      | Noticed Jessica
  1641 | D:2      | Killed Jessica
  1641 | D:2      | Reached skill level 1 in Stealth
  1954 | D:3      | Reached XP level 4. HP: 34/34 MP: 4/4
  2083 | D:3      | Found a burning altar of Makhleb.
  2133 | D:3      | Noticed a golden eye
  2133 | D:3      | a worm changed into a golden eye
  2135 | D:3      | XOM: potion effect (might)
  2139 | D:3      | XOM: potion effect (berserk)
  2144 | D:3      | XOM: potion effect (might)
  2146 | D:3      | XOM: potion effect (invisibility)
  2150 | D:3      | XOM: summons 4 friendly demons
  2158 | D:3      | Killed a golden eye
  2158 | D:3      | Reached skill level 4 in Fighting
  2158 | D:3      | Reached skill level 1 in Shields
  2158 | D:3      | Gained mutation: You have large cloven feet. [demonic ancestry]
  2158 | D:3      | Reached XP level 5. HP: 36/40 MP: 3/5
  2222 | D:3      | Found a glowing silver altar of Zin.
  2224 | D:3      | Noticed a green death
  2224 | D:3      | Noticed an angel
  2282 | D:3      | XOM: summons friendly red devil
  2334 | D:3      | Found a bloodstained altar of Trog.
  2457 | D:3      | Gained mutation: When hurt, damage is shared between your health and your magic reserves. [demonic ancestry]
  2457 | D:3      | Reached XP level 6. HP: 44/47 MP: 3/6
  2460 | D:3      | XOM: confuse monster(s)
  2475 | D:3      | XOM: enchant monster (good)
  2672 | D:4      | Noticed zammy's ghost (average MiSu)
  2681 | D:4      | Killed zammy's ghost
  2798 | D:4      | XOM: confusion
  3127 | D:4      | XOM: divination: magic mapping
  3130 | D:3      | XOM: noise
  3208 | D:4      | XOM: enchant monster (bad)
  3215 | D:4      | XOM: enchant monster (bad)
  3225 | D:4      | Killed from afar by an orc priest

Action                   |  1- 3 |  4- 6 || total
-------------------------+-------+-------++-------
Melee: Spear             |   154 |   170 ||   324
Throw: Spear             |       |    10 ||    10
  Use: Potion            |       |     1 ||     1
 Stab: Sleeping          |     3 |     3 ||     6
       Paralysed         |     2 |     4 ||     6
       Confused          |     1 |     2 ||     3
       Invisible         |       |     1 ||     1
